TOP OF THE 1ST |
Gainesville Guidos batting - Pitching for Key West Barracudas : RHP George Bennion
|
Pitching: RHP George Bennion
|
|
Batting: SHB Cornell Payne
|
0-0: Fly out, F6 (Line Drive, 6)
|
Batting: RHB Dave Hall
|
0-0: Ball 1-0: Swinging Strike 1-1: Ball 2-1: Ground out 4-3 (Groundball, 4)
|
Batting: RHB Kyle O'Day
|
0-0: Ball 1-0: Ball 2-0: Ground out 4-3 (Groundball, 4)
|
Top of the 1st over - 0 run(s), 0 hit(s), 0 error(s), 0 left on base; Gainesville 0 - Key West 0 |
BOTTOM OF THE 1ST |
Key West Barracudas batting - Pitching for Gainesville Guidos : RHP Rodney Hall
|
Pitching: RHP Rodney Hall
|
|
Batting: SHB Luis Manuel López
|
0-0: Ground out U3 (Groundball, 34)
|
Batting: SHB Héctor Jiménez
|
0-0: Ball 1-0: Called Strike 1-1: Foul Ball, location: 2F 1-2: Strikes out swinging
|
Batting: RHB Steve Gómez
|
0-0: Ball 1-0: Ball 2-0: Called Strike 2-1: Ball 3-1: Base on Balls
|
Batting: RHB Anastasio Zartuche
|
0-0: Ball 1-0: Ball 2-0: Ground out U3 (Groundball, 34)
|
Bottom of the 1st over - 0 run(s), 0 hit(s), 0 error(s), 1 left on base; Gainesville 0 - Key West 0 |
TOP OF THE 2ND |
Gainesville Guidos batting - Pitching for Key West Barracudas : RHP George Bennion
|
Batting: RHB Augusto Baca
|
0-0: Swinging Strike 0-1: Swinging Strike 0-2: Foul Ball, location: 2F 0-2: Strikes out swinging
|
Batting: RHB Denver Baker
|
0-0: Ball 1-0: Called Strike 1-1: Fly out, F9 (Flyball, 9S)
|
Batting: LHB Pedro Juárez
|
0-0: Called Strike 0-1: DOUBLE (Line Drive, 7LM)
|
Batting: RHB Adrián López
|
0-0: SINGLE (Groundball, 6MD) Pedro Juárez to third
|
Batting: LHB Eddy Jefferson
|
0-0: Called Strike 0-1: Ball 1-1: SINGLE (Line Drive, 5L) Pedro Juárez scores Adrián López to second
|
Batting: SHB António Ramírez
|
0-0: Called Strike 0-1: Fielders Choice at 2nd, 4-6 (Groundball, 4)
|
Top of the 2nd over - 1 run(s), 3 hit(s), 0 error(s), 1 left on base; Gainesville 1 - Key West 0 |
BOTTOM OF THE 2ND |
Key West Barracudas batting - Pitching for Gainesville Guidos : RHP Rodney Hall
|
Batting: SHB Jacob Knapp
|
0-0: Swinging Strike 0-1: Swinging Strike 0-2: Ball 1-2: Foul Ball, location: 2F 1-2: Foul Ball, location: 2F 1-2: Fly out, F7 (Flyball, 7LM)
|
Batting: RHB Domingo Hernández
|
0-0: Ball 1-0: Called Strike 1-1: Foul Ball, location: 2F 1-2: Strikes out looking
|
Batting: RHB Chris Adams
|
0-0: Foul Ball, location: 2F 0-1: Called Strike 0-2: Foul Ball, location: 2F 0-2: Ball 1-2: Ball 2-2: Foul Ball, location: 2F 2-2: Ball 3-2: Strikes out looking
|
Bottom of the 2nd over - 0 run(s), 0 hit(s), 0 error(s), 0 left on base; Gainesville 1 - Key West 0 |
TOP OF THE 3RD |
Gainesville Guidos batting - Pitching for Key West Barracudas : RHP George Bennion
|
Batting: SHB Cornell Payne
|
0-0: Ball 1-0: Called Strike 1-1: Foul Ball, location: 2F 1-2: Foul Ball, location: 2F 1-2: Fly out, F9 (Line Drive, 9LD)
|
Batting: RHB Dave Hall
|
0-0: Foul Ball, location: 2F 0-1: Swinging Strike 0-2: Ball 1-2: Fly out, F8 (Flyball, 8LM)
|
Batting: RHB Kyle O'Day
|
0-0: Ball 1-0: Foul Ball, location: 2F 1-1: Ball 2-1: Foul Ball, location: 2F 2-2: Foul Ball, location: 2F 2-2: Ground out 3-1 (Groundball, 34)
|
Top of the 3rd over - 0 run(s), 0 hit(s), 0 error(s), 0 left on base; Gainesville 1 - Key West 0 |
BOTTOM OF THE 3RD |
Key West Barracudas batting - Pitching for Gainesville Guidos : RHP Rodney Hall
|
Batting: LHB Mauro Díaz
|
0-0: Foul Ball, location: 2F 0-1: Ball 1-1: Foul Ball, location: 2F 1-2: Strikes out swinging
|
Batting: RHB Júlio Cruz
|
0-0: Ball 1-0: Foul Ball, location: 2F 1-1: Foul Ball, location: 2F 1-2: Ball 2-2: Ball 3-2: DOUBLE (Line Drive, 89M)
|
Batting: SHB Luis Manuel López
|
0-0: Called Strike 0-1: Ball 1-1: Ball 2-1: Ball 3-1: Swinging Strike 3-2: Base on Balls
|
Batting: SHB Héctor Jiménez
|
0-0: Swinging Strike 0-1: Swinging Strike 0-2: Ball 1-2: Strikes out swinging
|
Batting: RHB Steve Gómez
|
0-0: Foul Ball, location: 2F 0-1: Swinging Strike 0-2: Strikes out swinging
|
Bottom of the 3rd over - 0 run(s), 1 hit(s), 0 error(s), 2 left on base; Gainesville 1 - Key West 0 |
TOP OF THE 4TH |
Gainesville Guidos batting - Pitching for Key West Barracudas : RHP George Bennion
|
Batting: RHB Augusto Baca
|
0-0: Ground out 5-3 (Groundball, 56)
|
Batting: RHB Denver Baker
|
0-0: Ball 1-0: Ball 2-0: Ball 3-0: Called Strike 3-1: Foul Ball, location: 2F 3-2: Base on Balls
|
Batting: LHB Pedro Juárez
|
0-0: Ball 1-0: Called Strike 1-1: Fly out, F9 (Flyball, 9S)
|
Batting: RHB Adrián López
|
0-0: Foul Ball, location: 2F 0-1: Called Strike 0-2: Ground out 6-3 (Groundball, 6D)
|
Top of the 4th over - 0 run(s), 0 hit(s), 0 error(s), 1 left on base; Gainesville 1 - Key West 0 |
BOTTOM OF THE 4TH |
Key West Barracudas batting - Pitching for Gainesville Guidos : RHP Rodney Hall
|
Batting: RHB Anastasio Zartuche
|
0-0: Foul Ball, location: 2F 0-1: Ball 1-1: Called Strike 1-2: Ground out 6-3 (Groundball, 56)
|
Batting: SHB Jacob Knapp
|
0-0: Swinging Strike 0-1: Swinging Strike 0-2: Ball 1-2: Foul Ball, location: 2F 1-2: Ball 2-2: Ball 3-2: Base on Balls
|
Batting: RHB Domingo Hernández
|
0-0: Called Strike 0-1: Ball 1-1: Ball 2-1: Foul Ball, location: 2F 2-2: Strikes out swinging
|
Batting: RHB Chris Adams
|
0-0: Ball 1-0: Called Strike 1-1: SINGLE (Groundball, 56D) Jacob Knapp to second
|
Batting: LHB Mauro Díaz
|
0-0: Fielders Choice at 2nd, 4-6 (Groundball, 4)
|
Bottom of the 4th over - 0 run(s), 1 hit(s), 0 error(s), 1 left on base; Gainesville 1 - Key West 0 |
TOP OF THE 5TH |
Gainesville Guidos batting - Pitching for Key West Barracudas : RHP George Bennion
|
Batting: LHB Eddy Jefferson
|
0-0: Ball 1-0: Ball 2-0: Called Strike 2-1: Ground out U3 (Groundball, 3)
|
Batting: SHB António Ramírez
|
0-0: Ball 1-0: Ball 2-0: Called Strike 2-1: Foul Ball, location: 2F 2-2: Strikes out looking
|
Batting: SHB Cornell Payne
|
0-0: Called Strike 0-1: Ground out 5-3 (Groundball, 5)
|
Top of the 5th over - 0 run(s), 0 hit(s), 0 error(s), 0 left on base; Gainesville 1 - Key West 0 |
BOTTOM OF THE 5TH |
Key West Barracudas batting - Pitching for Gainesville Guidos : RHP Rodney Hall
|
Batting: RHB Júlio Cruz
|
0-0: Bunt missed! 0-1: Ball 1-1: Foul Ball, location: 2F 1-2: Strikes out swinging
|
Batting: SHB Luis Manuel López
|
0-0: Called Strike 0-1: Ball 1-1: SINGLE (Flyball, 7S)
|
Batting: SHB Héctor Jiménez
|
0-0: Ball 1-0: Fielders Choice at 2nd, 2-6 (Groundball, 2R)
|
Batting: RHB Steve Gómez
|
0-0: Ball 1-0: Swinging Strike 1-1: Ball 2-1: Ball 3-1: Foul Ball, location: 2F 3-2: Base on Balls Héctor Jiménez to second
|
Batting: RHB Anastasio Zartuche
|
0-0: Ball 1-0: Swinging Strike 1-1: Called Strike 1-2: Ball 2-2: Foul Ball, location: 2F 2-2: Ball 3-2: Fly out, F2 (Popup, 3S)
|
Bottom of the 5th over - 0 run(s), 1 hit(s), 0 error(s), 2 left on base; Gainesville 1 - Key West 0 |
TOP OF THE 6TH |
Gainesville Guidos batting - Pitching for Key West Barracudas : RHP George Bennion
|
Pitching: RHP Dennis Grange
|
|
Batting: RHB Dave Hall
|
0-0: Called Strike 0-1: Swinging Strike 0-2: Strikes out swinging
|
Batting: RHB Kyle O'Day
|
0-0: Foul Ball, location: 2F 0-1: Ball 1-1: Called Strike 1-2: Ball 2-2: Ball 3-2: Base on Balls
|
Batting: RHB Augusto Baca
|
0-0: Swinging Strike 0-1: Ball 1-1: Called Strike 1-2: Ball 2-2: Foul Ball, location: 2F 2-2: Foul Ball, location: 2F 2-2: Ball 3-2: Foul Ball, location: 2F 3-2: Base on Balls Kyle O'Day to second
|
Batting: RHB Denver Baker
|
0-0: Ball 1-0: Ball 2-0: Foul Ball, location: 2F 2-1: Ball 3-1: Foul Ball, location: 2F 3-2: Foul Ball, location: 2F 3-2: Base on Balls Kyle O'Day to third Augusto Baca to second
|
Batting: LHB Pedro Juárez
|
0-0: Swinging Strike 0-1: Ball 1-1: Called Strike 1-2: Strikes out swinging
|
Batting: RHB Adrián López
|
0-0: Ball 1-0: Swinging Strike 1-1: Fielders Choice at 2nd, 5-4 (Groundball, 5)
|
Top of the 6th over - 0 run(s), 0 hit(s), 0 error(s), 2 left on base; Gainesville 1 - Key West 0 |
BOTTOM OF THE 6TH |
Key West Barracudas batting - Pitching for Gainesville Guidos : RHP Rodney Hall
|
Pitching: RHP Dean Kell
|
|
Batting: SHB Jacob Knapp
|
0-0: Foul Ball, location: 2F 0-1: Ball 1-1: Swinging Strike 1-2: Strikes out swinging
|
Batting: RHB Domingo Hernández
|
0-0: Ball 1-0: Swinging Strike 1-1: Ball 2-1: Ball 3-1: Called Strike 3-2: Foul Ball, location: 2F 3-2: Ground out 6-3 (Groundball, 6)
|
Batting: RHB Chris Adams
|
0-0: Ball 1-0: Swinging Strike 1-1: Foul Ball, location: 2F 1-2: Ball 2-2: Foul Ball, location: 2F 2-2: Reached on error, E5 (Groundball, 56)
|
Batting: LHB Mauro Díaz
|
0-0: Swinging Strike 0-1: Ball 1-1: Fly out, F7 (Flyball, 7)
|
Bottom of the 6th over - 0 run(s), 0 hit(s), 1 error(s), 1 left on base; Gainesville 1 - Key West 0 |
TOP OF THE 7TH |
Gainesville Guidos batting - Pitching for Key West Barracudas : RHP Dennis Grange
|
Batting: LHB Eddy Jefferson
|
0-0: Ball 1-0: Called Strike 1-1: Ball 2-1: Ball 3-1: Ground out 4-3 (Groundball, 4)
|
Pitching: LHP Josh Chamberlain
|
|
Batting: SHB António Ramírez
|
0-0: Called Strike 0-1: Ball 1-1: Called Strike 1-2: Foul Ball, location: 2F 1-2: Strikes out swinging
|
Batting: SHB Cornell Payne
|
0-0: Called Strike 0-1: Ball 1-1: Called Strike 1-2: Ground out 6-3 (Groundball, 6)
|
Top of the 7th over - 0 run(s), 0 hit(s), 0 error(s), 0 left on base; Gainesville 1 - Key West 0 |
BOTTOM OF THE 7TH |
Key West Barracudas batting - Pitching for Gainesville Guidos : RHP Dean Kell
|
Batting: RHB Júlio Cruz
|
0-0: Ball 1-0: Ball 2-0: Ground out 4-3 (Groundball, 4)
|
Batting: SHB Luis Manuel López
|
0-0: Swinging Strike 0-1: Ball 1-1: Ball 2-1: Ball 3-1: Fly out, F9 (Flyball, 89M)
|
Batting: SHB Héctor Jiménez
|
0-0: Ball 1-0: Called Strike 1-1: Ground out 6-3 (Groundball, 6)
|
Bottom of the 7th over - 0 run(s), 0 hit(s), 0 error(s), 0 left on base; Gainesville 1 - Key West 0 |
TOP OF THE 8TH |
Gainesville Guidos batting - Pitching for Key West Barracudas : LHP Josh Chamberlain
|
Batting: RHB Dave Hall
|
0-0: SINGLE (Groundball, 3D)
|
Batting: RHB Kyle O'Day
|
0-0: Swinging Strike 0-1: Called Strike 0-2: Ball Passed Ball! Dave Hall to second 1-2: Foul Ball, location: 2F 1-2: Ball Passed Ball! Dave Hall to third 2-2: DOUBLE (Flyball, 78D) Dave Hall scores
|
Batting: RHB Augusto Baca
|
0-0: Foul Ball, location: 2F 0-1: Ball 1-1: Ball 2-1: Ball 3-1: Foul Ball, location: 2F 3-2: Base on Balls
|
Batting: RHB Denver Baker
|
0-0: Called Strike 0-1: Swinging Strike 0-2: Ball 1-2: Ball 2-2: Fly out, F5 (Line Drive, 56)
|
Pinch Hitting: SHB Kent Phillips
|
0-0: Ball 1-0: Ball 2-0: DOUBLE (Flyball, 78D) Kyle O'Day scores Augusto Baca to third
|
Batting: RHB Adrián López
|
0-0: Intentional Walk
|
Batting: LHB Eddy Jefferson
|
0-0: Foul Ball, location: 2F 0-1: Called Strike 0-2: Strikes out looking
|
Pinch Hitting: RHB Doug Coleman
|
0-0: Ball 1-0: Ball 2-0: Called Strike 2-1: Ball 3-1: Called Strike 3-2: Strikes out looking
|
Top of the 8th over - 2 run(s), 3 hit(s), 0 error(s), 3 left on base; Gainesville 3 - Key West 0 |
BOTTOM OF THE 8TH |
Key West Barracudas batting - Pitching for Gainesville Guidos : RHP Dean Kell
|
Now at 3B: Craig Chapman
|
|
Now at SS: Júlio Galló
|
|
Batting: RHB Steve Gómez
|
0-0: Ball 1-0: Ball 2-0: Fly out, F9 (Flyball, 9S)
|
Batting: RHB Anastasio Zartuche
|
0-0: Called Strike 0-1: Ground out 6-3 (Groundball, 6)
|
Batting: SHB Jacob Knapp
|
0-0: Reached on error, E1 (Groundball, 13)
|
Pitching: RHP Tim Lyons
|
|
Batting: RHB Domingo Hernández
|
0-0: Ball 1-0: Called Strike 1-1: Fly out, F7 (Flyball, 7S)
|
Bottom of the 8th over - 0 run(s), 0 hit(s), 1 error(s), 1 left on base; Gainesville 3 - Key West 0 |
TOP OF THE 9TH |
Gainesville Guidos batting - Pitching for Key West Barracudas : LHP Josh Chamberlain
|
Batting: SHB Cornell Payne
|
0-0: Ball 1-0: Ball 2-0: Fly out, F8 (Flyball, 8RD)
|
Batting: RHB Dave Hall
|
0-0: Called Strike 0-1: Foul Ball, location: 2F 0-2: DOUBLE (Line Drive, 8RXD)
|
Batting: RHB Kyle O'Day
|
0-0: Intentional Walk
|
Pitching: RHP Armando Chávez
|
|
Batting: RHB Augusto Baca
|
0-0: Called Strike 0-1: Fly out, F9 (Flyball, 9S)
|
Batting: RHB Denver Baker
|
0-0: Called Strike 0-1: 3-RUN HOME RUN (Flyball, 7LD), Distance : 349 ft
|
Batting: RHB Craig Chapman
|
0-0: Ball 1-0: Called Strike 1-1: Ball 2-1: DOUBLE (Line Drive, 8LD)
|
Batting: RHB Adrián López
|
0-0: Ball 1-0: Fly out, F7 (Flyball, 7S)
|
Top of the 9th over - 3 run(s), 3 hit(s), 0 error(s), 1 left on base; Gainesville 6 - Key West 0 |
BOTTOM OF THE 9TH |
Key West Barracudas batting - Pitching for Gainesville Guidos : RHP Tim Lyons
|
Now at C: Scott Young
|
|
Now at 2B: Will Evans
|
|
Now in LF: Robbie Turner
|
|
Batting: RHB Chris Adams
|
0-0: Swinging Strike 0-1: Ball 1-1: Ball 2-1: Foul Ball, location: 2F 2-2: Ball 3-2: Strikes out swinging
|
Batting: LHB Mauro Díaz
|
0-0: Ball 1-0: Foul Ball, location: 2F 1-1: Ground out 1-3 (Groundball, 13)
|
Batting: RHB Júlio Cruz
|
0-0: Swinging Strike 0-1: Ball 1-1: Ball 2-1: Swinging Strike 2-2: Ball 3-2: Foul Ball, location: 2F 3-2: Strikes out looking
|
Bottom of the 9th over - 0 run(s), 0 hit(s), 0 error(s), 0 left on base; Gainesville 6 - Key West 0 |
|